Map: Inside and Out

Players

Harstem

  • Race: Protoss Protoss
  • League: Master
  • Spawn Location: 7:00

Lambo - Winner!

  • Race: Zerg Zerg
  • League: Grandmaster
  • Spawn Location: 1:00

VOD

Have the link to the VOD?

Description

Time

  • Played on: Oct. 23, 2022, 7:21 p.m.
  • Length: 8:46
Show
View Real Time Build Order
Export as new Build Order

Harstem Protoss 

Build Orders: 1 Gate Expand, Oracle Opening 

Get SALT Encoding   

  12  0:00  Probe  
  13  0:12  Probe  
  14  0:17  Pylon  
  14  0:24  Probe (Chrono Boost)  
  15  0:36  Probe (Chrono Boost)  
  15  0:38  Gateway  
  16  0:45  Probe (Chrono Boost)  
  16  0:48  Assimilator  
  17  0:51  Probe  
  18  1:03  Probe  
  19  1:15  Probe  
  20  1:25  Nexus  
  20  1:36  Cybernetics Core  
  20  1:39  Probe  
  21  1:44  Assimilator  
  21  1:51  Probe  
  22  1:54  Pylon  
  22  2:03  Probe (Chrono Boost)  
  23  2:09  Adept (Chrono Boost)  
  26  2:15  Probe (Chrono Boost)  
  26  2:17  Stargate  
  26  2:23  Probe (Chrono Boost)  
  26  2:28  Warp Gate  
  27  2:30  Probe  
  27  2:32  Adept  
  30  2:38  Probe  
  30  2:42  Probe  
  32  2:50  Probe  
  33  2:54  Probe  
  33  2:58  Oracle (Chrono Boost)  
  34  3:02  Probe  
  38  3:06  Probe  
  38  3:09  Pylon  
  38  3:11  Stalker  
  41  3:14  Probe  
  41  3:18  Probe  
  43  3:22  Gateway  
  43  3:27  Probe  
  44  3:30  Probe  
  44  3:32  Oracle (Chrono Boost)  
  45  3:39  Probe  
  49  3:41  Pylon  
  49  3:42  Probe  
  50  3:51  Probe  
  50  3:54  Probe  
  51  4:03  Twilight Council, Probe  
  51  4:05  Nexus  
  51  4:09  Pylon  
  54  4:19  Gateway  
  54  4:21  Gateway  
  54  4:22  Assimilator  
  52  4:24  Probe  
  52  4:27  Adept  
  52  4:29  Adept, Probe  
  58  4:33  Resonating Glaives (Chrono Boost)  
  58  4:35  Assimilator  
  58  4:37  Probe, Pylon  
  59  4:42  Probe  
  60  4:47  Adept  
  60  4:49  Adept  
  60  4:51  Probe  
  65  4:54  Probe  
  66  5:02  Robotics Facility  
  66  5:03  Probe  
  66  5:06  Probe  
  68  5:08  Adept  
  68  5:09  Adept  
  72  5:15  Adept  
  72  5:17  Adept  
  72  5:18  Probe x2 (Chrono Boost)  
  79  5:24  Probe (Chrono Boost)  
  81  5:29  Probe (Chrono Boost)  
  81  5:31  Adept x2, Probe (Chrono Boost)  
  81  5:33  Probe (Chrono Boost)  
  81  5:34  Probe (Chrono Boost)  
  87  5:38  Adept  
  87  5:39  Adept, Probe  
  92  5:43  Probe  
  92  5:49  Pylon x2  
  93  5:53  Robotics Bay  
  93  6:02  Pylon  
  93  6:04  Probe x2  
  93  6:06  Probe, Assimilator  
  93  6:10  Assimilator  
  92  6:16  Probe x2  
  92  6:18  Probe  
  89  6:19  Immortal (Chrono Boost)  
  89  6:20  Adept x4  
  99  6:28  Probe x2  
  95  6:33  Blink (Chrono Boost)  
  95  6:34  Probe  
  95  6:39  Forge  
  92  6:44  Sentry, Stalker x3  
  95  6:47  Disruptor (Chrono Boost)  
  95  6:48  Phoenix (Chrono Boost)  
  99  7:00  Probe  
  100  7:07  Probe  
  101  7:09  Gateway  
  101  7:10  Sentry, Stalker  
  101  7:11  Gateway  
  101  7:12  Gateway  
  101  7:14  Gateway  
  105  7:18  Shield Battery, Sentry, Stalker  
  109  7:23  Disruptor (Chrono Boost)  
  112  7:34  Probe  
  112  7:35  Probe  
  114  7:37  Probe, Photon Cannon  
  114  7:38  Pylon  
  114  7:42  Pylon  
  115  7:51  Phoenix (Chrono Boost)  
  117  7:55  Shield Battery, Nexus  
  117  7:57  Disruptor (Chrono Boost), Shield Battery  
  120  8:00  Templar Archives  
  120  8:01  Pylon  
  120  8:07  Probe, Stalker  
  120  8:09  Stalker  
  120  8:12  Phoenix (Chrono Boost)  
  127  8:18  Stalker x3  
  133  8:20  Gateway  
  133  8:23  Pylon  
  133  8:32  Shield Battery  
Show
View Real Time Build Order
Export as new Build Order

Lambo Zerg - Winner!

Build Orders: Hatch First 

Get SALT Encoding   

  12  0:00  Drone  
  13  0:12  Overlord  
  13  0:17  Drone  
  14  0:30  Drone x2  
  16  0:43  Drone  
  17  0:51  Hatchery  
  17  0:54  Drone  
  17  0:57  Drone  
  18  1:08  Extractor  
  17  1:13  Spawning Pool  
  17  1:15  Drone  
  17  1:19  Drone  
  18  1:29  Drone  
  19  1:39  Drone  
  20  1:51  Overlord  
  20  1:59  Queen  
  22  2:03  Zergling x2, Queen, Drone  
  26  2:08  Metabolic Boost  
  26  2:11  Zergling x2  
  26  2:13  Drone  
  28  2:21  Drone  
  29  2:26  Drone  
  30  2:34  Hatchery  
  30  2:36  Drone  
  30  2:43  Drone  
  30  2:44  Drone  
  32  2:46  Overlord  
  32  2:52  Queen  
  34  2:59  Drone  
  34  3:03  Zergling x2  
  36  3:06  Queen  
  36  3:08  Overlord  
  40  3:12  Drone x2  
  40  3:13  Drone  
  40  3:16  Drone  
  40  3:17  Drone  
  43  3:21  Drone  
  43  3:25  Overlord  
  43  3:26  Drone  
  45  3:33  Queen, Drone  
  48  3:36  Drone  
  48  3:40  Drone  
  50  3:43  Drone x2  
  50  3:44  Drone  
  50  3:46  Drone x2  
  55  3:51  Queen  
  57  3:58  Drone x2  
  57  3:59  Spore Crawler, Drone  
  57  4:01  Drone x2  
  60  4:03  Overlord  
  60  4:06  Drone  
  60  4:09  Overlord  
  61  4:13  Zergling x2  
  61  4:15  Spore Crawler  
  61  4:18  Zergling x4  
  61  4:20  Drone x3  
  61  4:22  Drone  
  67  4:28  Drone x2  
  67  4:31  Drone  
  70  4:32  Drone  
  70  4:34  Roach Warren  
  70  4:35  Drone x2  
  72  4:40  Drone x3  
  72  4:44  Lair  
  75  4:47  Extractor x2  
  75  4:49  Hatchery  
  72  4:56  Queen  
  72  4:57  Drone x2  
  75  5:00  Overlord  
  75  5:01  Zergling x4  
  75  5:04  Zergling x2  
  78  5:13  Overlord  
  78  5:15  Overlord  
  78  5:16  Roach x2  
  78  5:18  Overlord x2  
  82  5:24  Roach x2  
  82  5:25  Roach  
  88  5:29  Drone x2  
  88  5:32  Evolution Chamber  
  88  5:33  Overlord  
  88  5:34  Extractor  
  90  5:37  Spore Crawler  
  90  5:41  Drone x3  
  89  5:43  Drone  
  89  5:44  Glial Reconstitution, Drone x8  
  89  5:45  Extractor  
  89  5:47  Extractor  
  89  5:48  Spire  
  95  5:50  Drone  
  95  5:53  Roach  
  95  5:56  Roach  
  100  6:03  Roach x4  
  108  6:07  Zergling x6, Roach  
  107  6:18  Zergling x2  
  107  6:19  Zergling x8  
  111  6:27  Zergling x6  
  109  6:34  Drone x2  
  109  6:35  Drone  
  109  6:36  Drone x4  
  114  6:42  Zerg Missile Weapons Level 1  
  114  6:43  Drone x5  
  118  6:50  Drone  
  118  6:51  Spore Crawler  
  118  6:52  Extractor  
  118  6:53  Drone x2  
  118  6:57  Drone  
  118  7:00  Baneling Nest  
  118  7:01  Overlord  
  118  7:03  Overlord  
  118  7:05  Drone x3  
  118  7:06  Spore Crawler  
  120  7:08  Overlord  
  120  7:15  Overlord, Extractor  
  119  7:18  Mutalisk x6  
  119  7:20  Drone x2  
  133  7:28  Mutalisk x4  
  139  7:33  Overlord  
  139  7:34  Drone x3  
  139  7:36  Mutalisk  
  144  7:38  Overlord  
  144  7:40  Drone x2  
  144  7:41  Mutalisk  
  144  7:44  Drone x6  
  150  7:46  Hatchery  
  150  7:49  Drone  
  153  7:54  Mutalisk  
  153  7:57  Evolution Chamber  
  154  7:59  Zergling x12  
  154  8:04  Mutalisk x2  
  164  8:07  Overlord  
  164  8:10  Mutalisk  
  164  8:12  Spine Crawler  
  165  8:13  Drone  
  165  8:14  Drone x4  
  165  8:16  Zergling x4, Extractor  
  165  8:17  Spine Crawler  
  170  8:21  Mutalisk x2  
  170  8:25  Zergling x2  
  175  8:27  Overlord  
Tags
 
Add a new tag
Caveats
  • Supply blocks, unpowered buildings, or Contaminate may cause inaccurate times.
  • Supply counts are checked every 10 seconds.